[Event "42nd Olympiad Baku 2016 Open"]
[Site "Baku"]
[Date "2016.09.04"]
[Round "3.17"]
[White "Mosenya, Ndawana"]
[Black "Hernandez Guerrero, Gilberto"]
[Result "0-1"]
[ECO "B07"]
[WhiteElo "2003"]
[BlackElo "2506"]
[Annotator ""]
[PlyCount "64"]
[EventDate "2016.??.??"]
[EventCountry "AZE"]
[SourceTitle "playchess.com"]
[Source "ChessBase"]
[WhiteTeam "Botswana"]
[BlackTeam "Mexico"]
[WhiteTeamCountry "BOT"]
[BlackTeamCountry "MEX"]
[TimeControl "40/5400+30:1800+30"]

1. e4 {(00:00)} d6 {(00:04)} 2. d4 {(00:00)} Nf6 {(
00:09)} 3. Nc3 {(00:00)} Nbd7 {(00:13)} 4. Nf3 {(00:16)}
e5 {(00:14)} 5. dxe5 {(02:31)} dxe5 {(00:21)} 6. Bc4 {
(00:36)} Bb4 {(04:54)} 7. O-O {(01:10)} O-O {(00:
09)} 8. Bg5 {(04:11)} c6 {(01:43)} 9. a3 {(08:25)} Bxc3 {
(07:36)} 10. bxc3 {(00:06)} Qa5 {(00:07)} 11. Qe2 {
(10:06)} h6 {(01:49)} 12. Bd2 {(01:32)} Re8 {(01:
35)} 13. Nh4 {(06:08)} Nc5 {(03:26)} 14. f3 {(08:29)} Be6
{(06:59)} 15. Bxe6 {(04:00)} Nxe6 {(01:08)} 16. Nf5 {
(01:30)} Rad8 {(02:55)} 17. Rf2 {(02:03)} Rd7 {(06:
53)} 18. c4 {(07:56)} Qa4 {(18:11)} 19. Be3 {(01:47)} Kh7
{(04:03)} 20. g3 {(01:01)} Red8 {(00:46)} 21. Kg2 {
(01:12)} c5 {(06:26)} 22. Ra2 {(09:02)} Ng8 {(02:
02)} 23. f4 {(01:17)} Nf6 {(07:50)} 24. fxe5 {(05:52)}
Nxe4 {(00:18)} 25. Qf3 {(06:56)} Nxf2 {(00:52)} 26. Nd6 {
(01:38)} Rxd6 {(01:08)} 27. exd6 {(00:07)} Qxc4 {(
00:25)} 28. Rb2 {(00:45)} Ne4 {(00:24)} 29. Rxb7 {(02:34)}
Nxd6 {(00:58)} 30. Rxa7 {(00:27)} Qxc2+ {(00:14)} 31. Qf2
{(01:22)} Qd3 {(01:00)} 32. Bxc5 {(00:58)} Qd5+ {(
00:15)} 0-1

[Event "42nd Olympiad Baku 2016 Open"]
[Site "Baku"]
[Date "2016.09.04"]
[Round "3.5"]
[White "Mphungu Gerrard"]
[Black "Mohamud Hussein Ali"]
[Result "1-0"]
[ECO "D38"]
[WhiteElo "2034"]
[BlackElo "1606"]
[Annotator ""]
[PlyCount "127"]
[EventDate "2016.??.??"]
[EventCountry "AZE"]
[SourceTitle "playchess.com"]
[Source "ChessBase"]
[WhiteTeam "MAW"]
[BlackTeam "SOM"]
[BlackTeamCountry "SOM"]
[TimeControl "40/5400+30:1800+30"]

1. d4 {(01:18)} Nf6 {(00:00)} 2. c4 {(00:17)} e6 {(
00:00)} 3. Nc3 {(00:32)} d5 {(00:04)} 4. Bg5 {(00:05)} Bb4
{(01:33)} 5. e3 {(00:19)} Nbd7 {(00:57)} 6. Nf3 {(
01:25)} O-O {(00:42)} 7. Qc2 {(00:23)} h6 {(00:40)} 8. Bh4
{(00:38)} a6 {(00:28)} 9. cxd5 {(07:12)} exd5 {(00:
33)} 10. Bd3 {(00:31)} c5 {(02:13)} 11. O-O {(01:06)} Bxc3
{(00:43)} 12. bxc3 {(00:23)} Qc7 {(03:17)} 13. Rfc1 {
(02:26)} c4 {(05:13)} 14. Bf5 {(02:48)} Re8 {(01:
55)} 15. Nd2 {(05:06)} b5 {(04:34)} 16. a4 {(04:21)} Bb7 {
(01:31)} 17. Rcb1 {(02:44)} Bc6 {(02:03)} 18. axb5 {
(06:12)} axb5 {(00:34)} 19. Bg3 {(04:56)} Qb7 {(02:
10)} 20. Bd6 {(07:27)} Ne4 {(06:42)} 21. Rxa8 {(05:45)}
Qxa8 {(00:34)} 22. Bb4 {(06:12)} Nb6 {(05:52)} 23. f3 {
(06:17)} Nxd2 {(00:21)} 24. Qxd2 {(00:03)} g6 {(02:
17)} 25. Bc2 {(01:41)} Kg7 {(03:33)} 26. Re1 {(03:23)} Re6
{(07:16)} 27. Bb1 {(02:37)} h5 {(04:18)} 28. Qf2 Qe8 {
(03:32)} 29. Qd2 {(03:20)} f5 {(04:03)} 30. Kf2 {(
01:56)} Qd8 {(03:33)} 31. Bc2 {(01:58)} Qh4+ {(03:04)} 32.
Kg1 {(00:14)} Na4 {(12:25)} 33. Qf2 {(02:34)} Qf6 {
(01:52)} 34. Bb1 {(01:09)} Qd8 {(01:24)} 35. Qg3 {(
00:28)} Kh7 {(01:17)} 36. Re2 {(01:13)} Qe8 {(02:43)} 37.
Qg5 {(01:00)} Qf7 {(01:11)} 38. Kf2 {(00:39)} Kg7 {
(01:34)} 39. h4 {(01:22)} Qf6 {(00:22)} 40. Qf4 {(
00:00)} Qd8 {(00:00)} 41. Kg3 {(03:41)} Ba8 {(05:00)} 42.
Kh2 {(03:32)} Bc6 {(00:21)} 43. Kg1 {(02:18)} Ba8 {
(00:36)} 44. Ra2 {(01:01)} Bc6 {(00:01)} 45. Bc2 {(
00:22)} Kh7 {(02:00)} 46. Ra1 {(06:25)} Kg7 {(00:59)} 47.
Rb1 {(00:57)} Kh7 {(00:37)} 48. Bxa4 {(06:06)} bxa4 {
(00:13)} 49. Bc5 {(00:04)} Re8 {(02:20)} 50. Rb6 {(
01:22)} Qd7 {(03:53)} 51. Kf2 {(03:00)} Ra8 {(03:16)} 52.
Ba3 {(02:41)} Rc8 {(03:27)} 53. Bc5 {(03:29)} Qc7 {
(04:21)} 54. Qg5 {(00:53)} a3 {(06:25)} 55. Ra6 {(
01:57)} Ra8 {(05:00)} 56. Rxa8 {(01:20)} Bxa8 {(00:01)}
57. Bxa3 {(00:13)} Bc6 {(01:00)} 58. Qf6 {(01:03)} Be8 {
(00:50)} 59. Be7 {(00:15)} Qc6 {(01:58)} 60. Qf8 {(
00:33)} g5 {(02:21)} 61. Bf6 {(02:06)} Qd7 {(00:36)} 62.
hxg5 {(01:27)} f4 {(04:02)} 63. e4 {(00:42)} dxe4 {
(00:24)} 64. fxe4 {(00:20)} 1-0

[Event "42nd Olympiad Baku 2016 Open"]
[Site "Baku"]
[Date "2016.09.04"]
[Round "3.8"]
[White "Muendle, Kurt"]
[Black "Yussof, Pg Abd Rahman"]
[Result "1-0"]
[ECO "D11"]
[WhiteElo "1857"]
[BlackElo "1927"]
[Annotator ""]
[PlyCount "103"]
[EventDate "2016.??.??"]
[EventCountry "AZE"]
[SourceTitle "playchess.com"]
[Source "ChessBase"]
[WhiteTeam "Liechtenstein"]
[BlackTeam "Brunei"]
[WhiteTeamCountry "LIE"]
[BlackTeamCountry "BRN"]
[TimeControl "40/5400+30:1800+30"]

1. d4 {(00:00)} d5 {(00:00)} 2. Nf3 {(00:00)} Nf6 {
(00:55)} 3. c4 {(00:00)} c6 {(01:50)} 4. e3 {(02:
03)} e6 {(03:30)} 5. Bd3 {(03:02)} h6 {(01:56)} 6. O-O {
(01:26)} Be7 {(04:23)} 7. Nc3 {(00:26)} O-O {(00:
24)} 8. Qc2 {(01:33)} b6 {(09:51)} 9. a3 {(10:57)} Bb7 {
(01:47)} 10. cxd5 {(02:02)} exd5 {(06:28)} 11. b4 {
(01:26)} Nbd7 {(06:17)} 12. Na4 {(02:57)} Rc8 {(01:
41)} 13. Bb2 {(08:58)} Qc7 {(08:54)} 14. Rfc1 {(05:56)}
Bd6 {(07:24)} 15. Qe2 {(06:42)} Qb8 {(02:54)} 16. Rab1 {
(05:52)} Rce8 {(06:00)} 17. h3 {(05:57)} Ne4 {(08:
15)} 18. Nd2 {(08:54)} f5 {(02:49)} 19. Nxe4 {(09:53)}
fxe4 {(01:41)} 20. Bc2 {(01:34)} Rf5 {(09:59)} 21. Rf1 {
(04:34)} Ref8 {(01:27)} 22. Nc3 {(05:04)} Qe8 {(01:
41)} 23. Rbe1 {(01:09)} Kh8 {(01:26)} 24. Bc1 {(02:25)}
Rg5 {(01:20)} 25. f4 {(00:43)} Rg3 {(01:39)} 26. Qf2 {
(00:50)} Qg6 {(02:46)} 27. Kh1 {(00:31)} Nf6 {(01:
10)} 28. Ne2 {(00:21)} Nh5 {(00:59)} 29. Kh2 {(00:57)} Rg5
{(01:43)} 30. g4 {(01:20)} Ba6 {(02:40)} 31. gxh5 {
(01:25)} Rxh5 {(00:28)} 32. Rg1 {(01:26)} Qf5 {(00:
09)} 33. Qg2 {(00:59)} Qf7 {(00:52)} 34. Qg6 {(00:52)} Bc8
{(01:07)} 35. Qxf7 {(00:34)} Rxh3+ {(00:12)} 36. Kg2 {
(00:18)} Rxf7 {(00:10)} 37. Rh1 {(01:16)} Rf3 {(00:
56)} 38. Ng1 {(00:52)} Bg4 {(00:15)} 39. Bd1 {(00:40)} Rf6
{(00:00)} 40. Bxf3 {(01:48)} exf3+ {(00:00)} 41. Nxf3 {
(00:41)} Kg8 {(02:51)} 42. Kf2 {(01:05)} Bf5 {(00:
25)} 43. Rh3 {(09:50)} Be4 {(09:44)} 44. Rg1 {(03:54)} Kf8
{(12:46)} 45. Ne5 {(04:54)} Rf7 {(00:33)} 46. Bd2 {
(02:42)} Rc7 {(03:16)} 47. Rhg3 {(00:54)} Bf5 {(02:
02)} 48. Nc4 {(00:30)} c5 {(00:30)} 49. bxc5 {(01:08)}
bxc5 {(00:41)} 50. dxc5 {(01:19)} Bxc5 {(02:41)} 51. Rc1 {
(03:39)} Kg8 {(00:49)} 52. Ke2 {(00:25)} 1-0

[Event "42nd Olympiad Baku 2016 Open"]
[Site "Baku"]
[Date "2016.09.04"]
[Round "3.9"]
[White "Munoz Santana, Jose Lisandro"]
[Black "Cu Hor, Winston Darwin"]
[Result "1/2-1/2"]
[ECO "B51"]
[WhiteElo "2439"]
[BlackElo "2318"]
[Annotator ""]
[PlyCount "69"]
[EventDate "2016.??.??"]
[EventCountry "AZE"]
[SourceTitle "playchess.com"]
[Source "ChessBase"]
[WhiteTeam "Dominican Republic"]
[BlackTeam "Guatemala"]
[WhiteTeamCountry "DOM"]
[BlackTeamCountry "GUA"]
[TimeControl "40/5400+30:1800+30"]

1. e4 {(00:00)} c5 {(00:00)} 2. Nf3 {(00:00)} d6 {(
00:47)} 3. Bb5+ {(00:00)} Nc6 {(00:06)} 4. O-O {(00:17)}
Bd7 {(00:09)} 5. Re1 {(00:11)} a6 {(00:23)} 6. Bxc6 {
(00:48)} Bxc6 {(00:08)} 7. d4 {(00:06)} cxd4 {(00:
06)} 8. Nxd4 {(00:05)} Nf6 {(19:14)} 9. Nxc6 {(00:25)}
bxc6 {(00:05)} 10. Qf3 {(00:06)} e5 {(00:17)} 11. Nd2 {
(02:35)} Be7 {(02:02)} 12. Nc4 {(00:06)} O-O {(01:
02)} 13. Bg5 {(01:29)} Qc7 {(06:55)} 14. Rad1 {(00:22)}
Rfd8 {(00:52)} 15. Re2 {(12:25)} Ne8 {(05:51)} 16. Bxe7 {
(11:09)} Qxe7 {(00:11)} 17. Red2 {(00:04)} Rab8 {(
07:46)} 18. Qa3 {(09:27)} c5 {(21:02)} 19. Qxa6 {(01:35)}
Ra8 {(03:05)} 20. Qb6 {(08:52)} Rxa2 {(04:25)} 21. Na3 {
(08:06)} c4 {(08:51)} 22. Nxc4 {(06:03)} Raa8 {(00:
11)} 23. f3 {(05:06)} Rab8 {(01:28)} 24. Qa5 {(02:32)} g6
{(00:47)} 25. Nxe5 {(13:01)} Qg5 {(06:12)} 26. Rd5 {
(04:16)} Qe3+ {(01:32)} 27. Kh1 {(00:25)} Rdc8 {(
03:28)} 28. Ng4 {(10:11)} Qb6 29. Qxb6 {(00:01)} Rxb6 {(
00:32)} 30. e5 Rxc2 {(01:09)} 31. h3 {(01:50)} dxe5 {(02:
00)} 32. Rxe5 {(03:22)} Nf6 {(01:06)} 33. Ne3 {(00:55)}
Rcxb2 {(00:27)} 34. Nc4 {(00:35)} Rb1 {(00:24)} 35. Ree1 {
(00:30)} 1/2-1/2

[Event "42nd Olympiad Baku 2016 Open"]
[Site "Baku"]
[Date "2016.09.04"]
[Round "3.32"]
[White "Mwaisumbe, Emmanuel"]
[Black "Michel Yunis, Christian D"]
[Result "0-1"]
[ECO "B17"]
[WhiteElo "1662"]
[BlackElo "2234"]
[Annotator ""]
[PlyCount "108"]
[EventDate "2016.??.??"]
[EventCountry "AZE"]
[SourceTitle "playchess.com"]
[Source "ChessBase"]
[WhiteTeam "Tanzania"]
[BlackTeam "Palestine"]
[WhiteTeamCountry "TAN"]
[BlackTeamCountry "PLE"]
[TimeControl "40/5400+30:1800+30"]

1. e4 {(00:00)} c6 {(00:07)} 2. d4 {(03:21)} d5 {(
00:08)} 3. Nc3 {(01:39)} dxe4 {(00:10)} 4. Nxe4 {(01:36)}
Nd7 {(00:09)} 5. Bc4 {(03:47)} Ngf6 {(00:26)} 6. Ng5 {
(03:21)} e6 {(00:10)} 7. N1f3 {(01:26)} h6 {(05:07]
} 8. Nxe6 {(04:49)} fxe6 {(02:36)} 9. Bxe6 {(00:03)} Nb6 {
(03:21)} 10. Bb3 {(04:19)} Bg4 {(07:30)} 11. O-O {(
15:53)} Qd7 {(10:30)} 12. Re1+ {(05:00)} Be7 {(07:10)} 13.
Qd3 {(07:57)} Qf5 {(08:13)} 14. Qe2 {(16:55)} Nc8 {
(01:34)} 15. Qe5 {(08:31)} Qxe5 {(10:41)} 16. Nxe5 {
(00:10)} Bh5 {(02:33)} 17. h3 {(01:08)} Kd8 {(03:
10)} 18. g4 {(00:31)} Be8 {(00:04)} 19. Bf7 {(07:04)} Rf8
{(01:29)} 20. Be6 {(00:34)} Nd5 {(00:45)} 21. c4 {(
02:00)} Nc7 {(05:06)} 22. Bf5 {(00:57)} Nd6 {(01:08)} 23.
Bd3 {(02:08)} Bh4 {(03:41)} 24. Re2 {(01:13)} Ne6 {
(05:28)} 25. Be3 {(02:18)} Nf4 {(04:15)} 26. Bxf4 {
(00:22)} Rxf4 {(00:02)} 27. c5 {(03:47)} Nc8 {(00:
14)} 28. Ng6 {(00:23)} Bxg6 {(01:52)} 29. Bxg6 {(00:04)}
Ne7 {(01:27)} 30. Be4 {(01:33)} Kc7 {(00:26)} 31. f3 {
(00:30)} Rd8 {(00:31)} 32. Rd1 {(00:13)} Nd5 {(02:
14)} 33. Kg2 {(01:06)} Rf7 {(02:36)} 34. a3 {(00:21)} Nf4+
{(00:08)} 35. Kf1 {(00:55)} Nxe2 {(00:08)} 36. Kxe2 {
(00:02)} Rfd7 {(00:14)} 37. Ke3 {(00:20)} Bf6 {(00:
08)} 38. d5 {(00:42)} cxd5 {(00:06)} 39. Bf5 {(00:02)}
Re7+ {(00:00)} 40. Kd3 {(00:00)} Rde8 {(00:00)} 41. Rd2 {
(01:40)} Re3+ {(00:52)} 42. Kc2 {(00:48)} Rxf3 {(
01:07)} 43. Rxd5 {(00:04)} Re2+ {(00:12)} 44. Kd1 {(01:29]
} Rxb2 {(00:43)} 45. Rd7+ {(03:06)} Kc6 {(00:16)} 46. Be4+
{(02:59)} Kxd7 {(00:09)} 47. Bxf3 {(00:58)} Rb3 {(
00:24)} 48. Bg2 {(00:49)} Rxa3 {(00:12)} 49. Bxb7 {(00:25]
} Rxh3 {(00:08)} 50. Be4 {(00:15)} Rh2 {(00:12)} 51. c6+ {
(01:04)} Kc7 {(00:10)} 52. Kc1 {(00:31)} a5 {(00:
08)} 53. Kb1 {(00:15)} a4 {(00:05)} 54. Bd5 {(00:03)} a3 {
(00:10)} 0-1

[Event "42nd Olympiad Baku 2016 Open"]
[Site "Baku"]
[Date "2016.09.04"]
[Round "3.27"]
[White "Mwali, Chitumbo"]
[Black "Mueller, Oliver"]
[Result "1/2-1/2"]
[ECO "A20"]
[WhiteElo "2344"]
[BlackElo "2272"]
[Annotator ""]
[PlyCount "133"]
[EventDate "2016.??.??"]
[EventCountry "AZE"]
[SourceTitle "playchess.com"]
[Source "ChessBase"]
[WhiteTeam "ZAM"]
[BlackTeam "IBCA"]
[WhiteTeamCountry "ZAM"]
[BlackTeamCountry "GER"]
[TimeControl "40/5400+30:1800+30"]

1. c4 e5 2. g3 Nf6 3. Bg2 c6 4. d4 e4 5. Nc3 d5 6. cxd5 cxd5 7. Bg5 Nbd7 8. Qb3
Bd6 9. Nh3 h6 10. Bd2 Nb6 11. Nf4 Be7 12. h4 O-O 13. f3 Nc4 14. Bc1 Na5 15. Qc2
Nc6 16. Be3 Bd6 17. Qd2 Re8 18. O-O Na5 19. b3 Bb4 20. Rfe1 Bd7 21. Qb2 Rc8 22.
Rac1 Nc6 23. a3 Bd6 24. b4 Ne7 25. g4 Nc6 26. Qd2 a5 27. g5 axb4 28. axb4 hxg5
29. hxg5 Nh7 30. Nfxd5 exf3 31. exf3 Nf8 32. Ne4 Bf5 33. b5 Ne7 34. Rxc8 Bxc8
35. Nxe7+ Bxe7 36. d5 Bd6 37. Nxd6 Qxd6 38. Bf2 Rxe1+ 39. Bxe1 Qc5+ 40. Bf2
Qxb5 41. f4 Bf5 42. Qd4 Qd7 43. Be1 Ne6 44. Qe5 Nc7 45. Bc3 Ne8 46. Bf1 f6 47.
Qd4 Bh3 48. Be2 Bg4 49. Bc4 Nd6 50. gxf6 Nxc4 51. Qxc4 gxf6 52. Bxf6 Qd6 53.
Be5 Qb6+ 54. Kg2 Qe3 55. d6+ Kf8 56. Qc3 Qxc3 57. Bxc3 Kf7 58. Kg3 Bf5 59. Kh4
Kg6 60. Kg3 Kf7 61. Kf3 Ke6 62. Bb4 b5 63. Ba3 Kd5 64. Kg3 Ke4 65. Bc1 b4 66.
Kh4 Kd5 67. Kg5 1/2-1/2

[Event "42nd Olympiad Baku 2016 Open"]
[Site "Baku"]
[Date "2016.09.04"]
[Round "3.34"]
[White "Nanjo, Ryosuke"]
[Black "Atabayev, Yusup"]
[Result "0-1"]
[ECO "B90"]
[WhiteElo "2340"]
[BlackElo "2453"]
[Annotator ""]
[PlyCount "92"]
[EventDate "2016.??.??"]
[EventCountry "AZE"]
[SourceTitle "playchess.com"]
[Source "ChessBase"]
[WhiteTeam "Japan"]
[BlackTeam "Turkmenistan"]
[WhiteTeamCountry "JPN"]
[BlackTeamCountry "TKM"]
[TimeControl "40/5400+30:1800+30"]

1. e4 {(00:00)} c5 {(00:00)} 2. Nf3 {(00:00)} d6 {(
00:00)} 3. d4 {(00:00)} cxd4 {(00:00)} 4. Nxd4 {(00:00)}
Nf6 {(00:00)} 5. Nc3 {(00:00)} a6 {(00:00)} 6. Be3 {
(00:00)} e5 {(00:00)} 7. Nb3 {(00:02)} Be6 {(00:00]
} 8. f3 {(00:06)} h5 {(00:00)} 9. Qd2 {(00:08)} Nbd7 {
(00:02)} 10. Nd5 {(00:31)} Bxd5 {(00:23)} 11. exd5 {
(00:06)} g6 {(00:21)} 12. Be2 {(05:00)} Bg7 {(00:
51)} 13. Na5 {(01:12)} Qc7 {(00:21)} 14. O-O {(03:25)} e4
{(01:26)} 15. f4 {(00:44)} O-O {(08:25)} 16. c4 {(
05:08)} Ng4 {(05:41)} 17. Bxg4 {(00:30)} hxg4 {(00:04)}
18. Rab1 {(09:41)} f5 {(01:04)} 19. b4 {(00:53)} b6 {
(11:55)} 20. Nc6 {(00:12)} Nb8 {(00:05)} 21. Nxb8 {
(14:26)} Rfxb8 {(01:10)} 22. Rfc1 {(01:42)} a5 {(
02:25)} 23. bxa5 {(03:41)} bxa5 {(06:14)} 24. Rb5 {(01:04]
} a4 {(00:16)} 25. Qb4 {(05:13)} a3 {(02:04)} 26. c5 {
(12:36)} dxc5 {(05:00)} 27. Rcxc5 {(02:17)} Bf8 {(
00:56)} 28. Rxc7 {(20:14)} Bxb4 {(00:09)} 29. Rcb7 {(03:
57)} Rxb7 {(01:14)} 30. Rxb7 {(00:02)} Bf8 {(00:11)} 31.
Rb6 {(05:43)} Rd8 {(00:23)} 32. Rxg6+ {(01:34)} Kf7 {
(00:08)} 33. Rc6 {(00:36)} Rxd5 {(00:22)} 34. Kf2 {
(00:42)} Rb5 {(00:54)} 35. Bd4 {(00:28)} Be7 {(00:
32)} 36. Rc2 {(04:18)} Ke6 {(00:35)} 37. Ke3 {(01:15)} Rb1
{(00:09)} 38. Be5 {(00:45)} Rh1 {(00:26)} 39. g3 {(
00:22)} Kd5 {(01:05)} 40. Rd2+ {(00:00)} Kc4 {(00:00)} 41.
Rd4+ {(03:04)} Kb5 {(02:05)} 42. Rd5+ {(00:19)} Kc6 {
(00:10)} 43. Ra5 {(01:13)} Bc5+ {(00:34)} 44. Bd4 {
(00:41)} Re1+ {(00:10)} 45. Kd2 {(00:52)} Bb4+ {(
00:09)} 46. Bc3 {(00:07)} Bxa5 {(00:04)} 0-1

[Event "42nd Olympiad Baku 2016 Open"]
[Site "Baku"]
[Date "2016.09.04"]
[Round "3.36"]
[White "Nikolovski, Nikola"]
[Black "Syed Ahmad, Ali"]
[Result "1/2-1/2"]
[ECO "B10"]
[WhiteElo "2265"]
[BlackElo "2343"]
[Annotator ""]
[PlyCount "105"]
[EventDate "2016.??.??"]
[EventCountry "AZE"]
[SourceTitle "playchess.com"]
[Source "ChessBase"]
[WhiteTeam "Macedonia"]
[BlackTeam "Pakistan"]
[WhiteTeamCountry "MKD"]
[BlackTeamCountry "PAK"]
[TimeControl "40/5400+30:1800+30"]

1. e4 {(00:00)} c6 {(00:00)} 2. Nc3 {(00:08)} d5 {(
00:00)} 3. Nf3 {(00:11)} dxe4 {(00:00)} 4. Nxe4 {(00:10)}
Nd7 {(00:02)} 5. Bc4 {(05:03)} e6 {(02:18)} 6. Qe2 {
(01:11)} Be7 {(01:41)} 7. d3 {(09:07)} Nb6 {(01:18]
} 8. Bd2 {(03:03)} Nf6 {(00:55)} 9. Bb3 {(06:18)} a5 {
(00:39)} 10. a4 {(01:01)} Nbd5 {(00:42)} 11. O-O {(
04:22)} O-O {(01:31)} 12. Rad1 {(02:30)} Qc7 {(05:19)} 13.
Rfe1 {(11:35)} Nf4 {(02:55)} 14. Nxf6+ {(02:48)} Bxf6 {
(00:10)} 15. Qe4 {(00:14)} Ng6 {(06:11)} 16. h4 {(
05:38)} h6 {(09:38)} 17. h5 {(03:59)} Ne7 {(00:05)} 18. d4
{(01:31)} c5 {(14:08)} 19. Ne5 {(20:52)} cxd4 {(02:
48)} 20. Ng4 {(01:01)} Bg5 {(03:25)} 21. Qxd4 {(13:03)}
Rd8 {(03:40)} 22. Qc3 {(01:09)} Qxc3 {(00:29)} 23. Bxc3 {
(00:03)} Nd5 {(00:42)} 24. Bd4 {(01:12)} Bd7 {(05:
39)} 25. c4 {(00:32)} Nc7 {(10:03)} 26. Bb6 {(00:06)} Rac8
{(00:18)} 27. Bxa5 {(02:02)} Be8 {(00:16)} 28. Rxd8 {
(00:16)} Bxd8 {(00:07)} 29. Rd1 {(02:35)} Be7 {(00:
14)} 30. Bc2 {(01:49)} Na6 {(03:19)} 31. b3 {(00:18)} Nb4
{(00:48)} 32. Bb1 {(01:03)} Nc6 {(02:17)} 33. Bc3 {
(00:32)} f5 {(00:16)} 34. Ne5 {(00:23)} Bxh5 {(00:
14)} 35. Nxc6 {(00:43)} bxc6 {(02:02)} 36. Rd7 {(00:08)}
Bf8 {(01:34)} 37. a5 {(00:51)} c5 {(00:25)} 38. Bc2 {
(00:56)} Ra8 {(00:31)} 39. Rc7 {(00:30)} Bf7 {(03:
18)} 40. Kf1 {(00:00)} Bd6 {(00:00)} 41. Rd7 {(08:29)} Bf8
{(02:17)} 42. Bd1 {(05:13)} e5 {(00:47)} 43. Bc2 {(
03:16)} Be6 {(04:19)} 44. Rc7 {(00:19)} Ra6 {(02:48)} 45.
Rb7 {(01:35)} Bd6 {(00:43)} 46. Bd1 {(04:44)} Kf8 {
(02:06)} 47. Bh5 {(02:32)} Bc8 {(02:02)} 48. Rf7+ {
(03:48)} Kg8 {(00:08)} 49. f4 {(01:09)} Be6 {(00:
44)} 50. Rb7 {(00:08)} Bc8 {(00:31)} 51. Rf7 {(00:06)} Be6
{(00:13)} 52. Rb7 {(00:04)} Bc8 {(01:21)} 53. Rf7 {
(04:31)} 1/2-1/2

[Event "42nd Olympiad Baku 2016 Open"]
[Site "Baku"]
[Date "2016.09.04"]
[Round "3.27"]
[White "Osorio Ortiz, Marcos"]
[Black "Rodi, Luis Ernesto"]
[Result "1-0"]
[ECO "C70"]
[WhiteElo "2247"]
[BlackElo "2340"]
[Annotator ""]
[PlyCount "73"]
[EventDate "2016.??.??"]
[EventCountry "AZE"]
[SourceTitle "playchess.com"]
[Source "ChessBase"]
[WhiteTeam "NCA"]
[BlackTeam "URU"]
[WhiteTeamCountry "PER"]
[BlackTeamCountry "URU"]
[TimeControl "40/5400+30:1800+30"]

1. e4 {(00:00)} e5 {(00:00)} 2. Nf3 {(00:00)} Nc6 {
(00:00)} 3. Bb5 {(00:00)} a6 {(00:00)} 4. Ba4 {(00:
00)} Nge7 {(00:00)} 5. O-O {(00:44)} g6 {(00:03)} 6. c3 {
(01:53)} Bg7 {(00:07)} 7. d4 {(00:35)} exd4 {(00:
06)} 8. cxd4 {(00:12)} O-O {(00:07)} 9. h3 {(05:37)} d5 {
(02:19)} 10. e5 {(00:25)} b5 {(01:41)} 11. Bb3 {(
01:37)} Na5 {(03:12)} 12. Bc2 {(00:11)} h6 {(00:31)} 13.
Re1 {(04:57)} Be6 {(02:28)} 14. Nbd2 {(00:12)} Qd7 {
(01:13)} 15. b4 {(08:42)} Nc4 {(05:07)} 16. Nb3 {(
00:10)} Qc8 {(16:32)} 17. Nc5 {(03:16)} Re8 {(19:51)} 18.
a4 {(18:09)} Nc6 {(07:16)} 19. Bd2 {(01:20)} Qd8 {(
10:36)} 20. Bc3 {(02:43)} Qe7 {(00:30)} 21. a5 {(09:06)}
Nb8 {(01:40)} 22. Qc1 {(01:40)} Nd7 {(01:11)} 23. Qf4 {
(01:30)} Nxc5 {(08:48)} 24. dxc5 {(00:43)} Bd7 {(
00:16)} 25. Re2 {(01:37)} c6 {(05:49)} 26. Rae1 {(00:34)}
Rac8 {(01:13)} 27. Bd4 {(01:43)} Be6 {(01:51)} 28. g4 {
(02:55)} Rf8 {(01:43)} 29. Qg3 {(00:41)} Rfe8 {(02:
58)} 30. Nh4 {(01:44)} Bd7 {(02:28)} 31. f4 {(01:03)} Qd8
{(03:54)} 32. f5 {(01:28)} g5 {(00:01)} 33. f6 {(
02:09)} Nxe5 {(01:14)} 34. fxg7 {(07:39)} gxh4 {(00:40)}
35. Qf4 {(00:55)} Ng6 {(01:30)} 36. Qxh6 {(00:25)} Qc7 37.
Qh8+ {(00:14)} 1-0

[Event "42nd Olympiad Baku 2016 Open"]
[Site "Baku"]
[Date "2016.09.04"]
[Round "3.15"]
[White "Paiva, Donaldo"]
[Black "Malisauskas, Vidmantas"]
[Result "0-1"]
[ECO "E94"]
[WhiteElo "2164"]
[BlackElo "2434"]
[Annotator ""]
[PlyCount "64"]
[EventDate "2016.??.??"]
[EventCountry "AZE"]
[SourceTitle "playchess.com"]
[Source "ChessBase"]
[WhiteTeam "Mozambique"]
[BlackTeam "Lithuania"]
[WhiteTeamCountry "MOZ"]
[BlackTeamCountry "LTU"]
[TimeControl "40/5400+30:1800+30"]

1. d4 {(00:00)} Nf6 {(00:00)} 2. c4 {(00:00)} g6 {(
00:00)} 3. Nc3 {(00:00)} Bg7 {(00:00)} 4. e4 {(00:00)} O-O
{(00:00)} 5. Be2 {(00:03)} d6 {(00:16)} 6. Nf3 {(
00:21)} e5 {(00:10)} 7. O-O {(00:06)} Na6 {(00:16)} 8. Re1
{(00:46)} Qe8 {(02:12)} 9. d5 {(14:56)} Nc5 {(00:
44)} 10. Nd2 {(00:46)} a5 {(01:11)} 11. b3 {(07:53)} Bh6 {
(01:04)} 12. Qc2 {(00:52)} Nfd7 {(04:15)} 13. a3 {(
02:36)} f5 {(00:38)} 14. Rb1 {(00:03)} Nf6 {(00:23)} 15.
f3 {(01:41)} Be3+ {(03:51)} 16. Kh1 {(00:06)} f4 {(
00:16)} 17. b4 {(00:45)} axb4 {(06:22)} 18. axb4 {(00:06)}
Na6 {(00:12)} 19. Nf1 {(19:06)} Bxc1 {(08:04)} 20. Rexc1 {
(00:16)} g5 {(00:19)} 21. c5 {(01:19)} g4 {(00:17)}
22. Nb5 {(07:30)} gxf3 {(07:15)} 23. gxf3 {(00:18)} Bh3 {
(00:39)} 24. Nd2 {(04:54)} Qe7 {(01:17)} 25. c6 {(
11:06)} bxc6 {(03:28)} 26. Qxc6 {(00:07)} Bd7 {(00:11)}
27. Qc4 {(00:45)} Nh5 {(03:18)} 28. Rg1+ {(12:16)} Kh8 {
(00:43)} 29. Ra1 {(04:13)} Qh4 {(00:51)} 30. Nf1 {(
00:40)} Rg8 {(00:41)} 31. Rg4 {(02:06)} Bxg4 {(00:56)} 32.
fxg4 {(00:07)} Ng3+ 0-1